 Dungeon Crawl Stone Soup version 0.18.1-6-gd335043 (webtiles) character file.

450 M4edhros the Skirmisher (level 6, 0/57 HPs)
             Began as a Minotaur Berserker on May 20, 2016.
             Was a Believer of Trog.
             Slain by an orc
             ... wielding a +0 flail
              (5 damage)
             ... on level 7 of the Dungeon.
             The game lasted 00:02:29 (550 turns).

M4edhros the Skirmisher (Minotaur Berserker)         Turns: 550, Time: 00:02:30

Health: 0/57       AC:  5    Str: 21    XL:     6   Next: 74%
Magic:  5/5        EV: 12    Int:  4    God:    Trog [**....]
Gold:   115        SH:  0    Dex: 12    Spells: 0 memorised, 5 levels left

rFire  + . .     SeeInvis .     a - +0 hand axe
rCold  . . .     Gourm    .     g - +0 ring mail
rNeg   . . .     Faith    .     (no shield)
rPois  .         Spirit   .     (helmet restricted)
rElec  .         Dismiss  .     (no cloak)
rCorr  .         Reflect  .     (no gloves)
SustAt +         Harm     .     (no boots)
MR     ++...                    (no amulet)
Stlth  +.........               m - ring of sustain attributes
                                q - ring of protection from fire

@: exhausted, starving, regenerating, slowed, drained, very slow, very resistant
to hostile enchantments, very unstealthy
A: retaliatory headbutt, horns 2
a: Berserk, Trog's Hand, Burn Spellbooks, Renounce Religion


You were on level 7 of the Dungeon.
You worshipped Trog.
Trog was pleased with you.
You were starving.

You visited 1 branch of the dungeon, and saw 7 of its levels.

You collected 115 gold pieces.

Inventory:

Hand Weapons
 a - a +0 hand axe (weapon)
 f - a +0 blowgun
Missiles
 l - 13 poisoned needles
Armour
 b - a +0 animal skin
 g - a +0 ring mail (worn)
Jewellery
 h - an uncursed ring of wizardry
 m - a ring of sustain attributes (right hand)
 q - a ring of protection from fire (left hand)
Wands
 o - a wand of disintegration (14/24)
Scrolls
 d - a scroll of immolation {unknown}
 e - a scroll of identify {unknown}
 j - 2 scrolls of teleportation {unknown}
 k - a scroll of amnesia {unknown}
Books
 n - a book of Clouds

   Spells                             Type                      Level
   a - Mephitic Cloud                 Conjuration/Poison/Air       3
   b - Conjure Flame                  Conjuration/Fire             3
   c - Poisonous Cloud                Conjuration/Poison/Air       6
   d - Freezing Cloud                 Conjuration/Ice/Air          6
   e - Ring of Flames                 Charms/Fire                  7
   Trog disapproves of the use of such an item.
Comestibles
 c - a bread ration
 p - a royal jelly


   Skills:
 + Level 6.1(5.9) Fighting
 + Level 5.9(5.7) Axes
 + Level 3.7(3.6) Armour
 + Level 4.3(4.2) Dodging


You had 5 spell levels left.
You didn't know any spells.

Dungeon Overview and Level Annotations

Branches:
Dungeon (7/15)
 Temple: D:4-7

Altars:

Shops:
D:4 }


Innate Abilities, Weirdness & Mutations

You reflexively headbutt those who attack you in melee.
You have a pair of horns on your head.


Message History

2 orcs come into view.
You aren't carrying any potions.
Your skin crawls.
You feel resistant to hostile enchantments.
You are starving!
The orc shouts!
You hit the orc.
The orc is heavily wounded.
You hear the hiss of an avalanche of sand nearby.
The orc hits you with a flail.
* * * LOW HITPOINT WARNING * * *
All of the chunks of flesh in your inventory have rotted away.
You barely miss the orc. You headbutt the orc.
The orc is almost dead.
The orc hits you with a flail!
* * * LOW HITPOINT WARNING * * *
An orc wizard comes into view. It is wielding a dagger.
Unknown command.
The orc hits you with a flail.
You die...

#.# #.#
#)# #.#
#.# #.#
#.# #.#
#@# #o#
#Z#
#o†....o.
#o...o...
##o##.##.
.# # .#
.#


You could see an orc wizard (wandering), 3 orcs and a quokka zombie.

Vanquished Creatures
  A big kobold (D:7)
  5 wights (D:7)
  A crimson imp (D:7)
  A centaur zombie (D:5)
  2 jellies
  A worker ant (D:7)
  An adder (D:4)
  A worm (D:3)
  5 orcs
  A goblin (D:3)
  8 kobolds
  A quokka (D:4)
  3 bats
  A giant newt (D:5)
  2 rats (D:1)
34 creatures vanquished.

Notes
Turn   | Place    | Note
--------------------------------------------------------------
     0 | D:1      | M4edhros the Minotaur Berserker began the quest for the Orb.
     0 | D:1      | Reached XP level 1. HP: 19/19 MP: 0/0
   141 | D:3      | Reached XP level 2. HP: 27/27 MP: 1/1
   145 | D:3      | Reached skill level 4 in Fighting
   172 | D:4      | Found Hotid's Gadget Shoppe.
   214 | D:4      | Reached XP level 3. HP: 24/34 MP: 2/2
   261 | D:5      | Entered Level 5 of the Dungeon
   292 | D:5      | Reached ** piety under Trog
   292 | D:5      | Reached skill level 5 in Fighting
   292 | D:5      | Reached XP level 4. HP: 25/42 MP: 3/3
   345 | D:7      | Noticed a big kobold
   345 | D:7      | Reached XP level 5. HP: 48/48 MP: 4/4
   355 | D:7      | Reached skill level 5 in Axes
   519 | D:7      | Reached XP level 6. HP: 56/56 MP: 5/5
   530 | D:7      | Reached skill level 6 in Fighting
   550 | D:7      | Slain by an orc

Skill      XL: |  1  2  3  4  5  6 |
---------------+-------------------+-----
Fighting       | 4 5 6 |  6.1
Axes           | 4 5 |  5.9
Dodging        | 3 4 |  4.3
Armour         | 3 |  3.7

Action                   |  1- 3 |  4- 6 || total
-------------------------+-------+-------++-------
Melee: Hand axe          |    33 |    32 ||    65
       Headbutt          |     9 |     8 ||    17
Invok: Berserk           |     1 |     3 ||     4
       Trog's Hand       |       |     1 ||     1
  Use: Potion            |       |     1 ||     1
  Eat: Chunk             |       |     1 ||     1
Armor: Animal skin       |     7 |       ||     7
       Ring mail         |     6 |     6 ||    12
Dodge: Dodged            |    25 |    16 ||    41
